 Dungeon Crawl Stone Soup version 0.28-a0-872-g80cf8599ee (webtiles) character file.

Game seed: 13513098533797942956

71 sanka the Chopper (level 4, -6/37 HPs)
             Began as a Palentonga Abyssal Knight on Nov 20, 2021.
             Was a Believer of Lugonu.
             Killed from afar by an orc wizard (10 damage)
             ... with a puff of flame
             ... on level 3 of the Dungeon.
             The game lasted 00:02:55 (2733 turns).

sanka the Chopper (Palentonga Abyssal Knight)       Turns: 2733, Time: 00:02:56

Health: -6/37      AC:  4    Str: 17    XL:     4   Next: 5%
Magic:  5/5        EV:  9    Int: 10    God:    Lugonu [**....]
Gold:   24         SH:  0    Dex: 11    Spells: 3/3 levels left

rFire   . . .      SeeInvis +   a - +1 hand axe
rCold   . . .      Faith    .   (no shield)
rNeg    . . .      Spirit   .   b - +0 leather armour
rPois   .          Reflect  .   (no helmet)
rElec   .          Harm     .   (no cloak)
rCorr   .          Rampage  .   (no gloves)
Will    .....                   (no barding)
Stlth   +.........              (no amulet)
HPRegen 0.12/turn               (no ring)
MPRegen 0.09/turn               (no ring)

@: no status effects
A: large, rugged brown scales 3, see invisible, deformed body, roll 1, armoured
tail
a: Rolling Charge, Renounce Religion, Depart the Abyss, Bend Space


You were on level 3 of the Dungeon.
You worshipped Lugonu.
Lugonu was pleased with you.
You visited 1 branch of the dungeon, and saw 3 of its levels.
You visited the Abyss 1 time.

You collected 63 gold pieces.
You spent 39 gold pieces at shops.


Innate Abilities, Weirdness & Mutations

You are completely covered in rugged brown scales. (AC +3, +7% HP)
You have supernaturally acute eyesight. (SInv)
Armour fits poorly on your strangely shaped body.
You can roll at nearby foes to attack.
You have a long armoured tail.


   Skills:
 - Level 3.0 Fighting
 + Level 4.4 Axes
 - Level 1.5 Armour
 - Level 0.7 Dodging
 - Level 2.0 Invocations


You had 3 spell levels left.
You didn't know any spells.
Your spell library was empty.

Inventory:

Hand Weapons
 a - a +1 hand axe (weapon)
 i - a +1 dagger of venom
Armour
 b - a +0 leather armour (worn)
Scrolls
 c - a scroll of immolation {unknown}
 d - 3 scrolls of identify {unknown}
 g - a scroll of fear {unknown}
 h - a scroll of teleportation {unknown}
 j - a scroll of noise {unknown}
 k - a scroll of silence {unknown}
Potions
 e - 3 potions of curing {@q1}
 f - a potion of might {unknown}
 l - a potion of heal wounds {unknown}

Dungeon Overview and Level Annotations

Branches:
Dungeon (3/15)

Altars:

Shops:
D:2 ! D:3

? ▒.▒.▒ .▒ ▒.▒.▒
▒.▒ ▒.▒.▒ ▒.▒
▒.▒.▒ ▒.▒ ▒.▒.▒
▒.▒ ....▒▒
.▒▒▒▒▒▒▒.▒ .....▒
.........▒ ▒.▒▒.▒
▒..▒ ▒.▒▒.▒ ▒hH▒
▒.▒▒.▒
▒▒ho▒▒▒▒▒▒▒.
▒.▒▒.▒
▒.▒hh..hhr.!
▒.▒▒.▒
▒▒.)▒▒▒▒▒▒▒▒
▒.▒▒.▒▒▒▒▒▒▒▒▒▒▒.▒
...▒........)....▒
...▒▒▒▒▒▒▒▒▒▒▒▒▒.▒
▒▒.▒ ▒.▒ ▒.▒ ▒.▒


You could see an orc wizard (invisible) and 4 jackals.


Message History

The orc wizard hits you with a +0 dagger.
* * * LOW HITPOINT WARNING * * *
The orc wizard hits you but does no damage.
You're too confused to move!
The jackal closely misses you. The orc wizard barely misses you.
You're too confused to move!
The jackal bites you but does no damage.
The orc wizard gestures at you while chanting.
You resist with some effort.
Unknown command.
You bump into the rock wall.
You feel less confused. The jackal closely misses you.
The orc wizard points at you and mumbles some strange words.
The magic dart hits you.
* * * LOW HITPOINT WARNING * * *
Unknown command.
Unknown command.
You hit the orc wizard.
The orc wizard is almost dead.
You closely miss the jackal. You closely miss the jackal. The jackal bites you.
* * * LOW HITPOINT WARNING * * *
The jackal bites you.
* * * LOW HITPOINT WARNING * * *
The orc wizard points at you and mumbles some strange words.
The puff of flame hits you!
You die...

Action                   |  1- 3 |  4- 6 || total
-------------------------+-------+-------++-------
Melee: Hand axe          |    95 |     7 ||   102
       Tailslap          |     8 |       ||     8
 Abil: Rolling Charge    |     7 |     1 ||     8
 Stab: Sleeping          |     1 |       ||     1
Armor: Leather armour    |    30 |     3 ||    33
Dodge: Dodged            |    43 |     6 ||    49

Levels and vault maps discovered:
D:1:      onia_arrival_pyramid, layout_loops_ring,
          shapermc_ecumenical_altar_petra, hangedman_decor_points
D:2:      layout_loops_corners, serial_shops, shop, grunt_ministairs_7
D:3:      layout_loops_ring, serial_shops, shop

Notes
Turn   | Place    | Note
-------+----------+-------------------------------------------
     0 | Abyss:1  | sanka the Palentonga Abyssal Knight began the quest for the
                  | Orb.
     0 | Abyss:1  | Reached XP level 1. HP: 19/19 MP: 2/2
    70 | D:1      | Escaped the Abyss
   331 | D:1      | Reached XP level 2. HP: 18/25 MP: 3/3
   455 | D:1      | Reached skill level 3 in Axes
   868 | D:1      | Found a faded altar of an unknown god.
  1344 | D:2      | Reached XP level 3. HP: 31/31 MP: 4/4
  1466 | D:2      | Reached ** piety under Lugonu
  2002 | D:2      | Found Zoplalij's Distillery.
  2016 | D:2      | Reached skill level 4 in Axes
  2446 | D:2      | Bought a potion of curing for 39 gold pieces
  2509 | D:3      | Found Hais's Magic Scroll Boutique.
  2703 | D:3      | Reached XP level 4. HP: 37/37 MP: 5/5
  2733 | D:3      | Killed from afar by an orc wizard

Vanquished Creatures
  An adder (D:3)
  4 worms (D:2)
  3 dart slugs (D:1)
  2 orcs (D:3)
  4 ball pythons
  3 bats
  5 endoplasms
  4 giant cockroaches
  2 hobgoblins (D:2)
  2 quokkas
  5 frilled lizards
  A goblin (D:2)
  3 kobolds
  2 rats
41 creatures vanquished.
